 Dungeon Crawl Stone Soup version 0.30-a0-465-g8901f6c8b5 (webtiles) character file.

Game seed: 10480997201463524677

78 oldriver the Shooter (level 4, 0/34 HPs)
             Began as a Barachi Hexslinger on Dec 18, 2022.
             Slain by an ufetubus (2 damage)
             ... on level 3 of the Dungeon.
             The game lasted 00:04:36 (2941 turns).

oldriver the Shooter (Barachi Hexslinger)           Turns: 2941, Time: 00:04:37

Health: 0/34       AC:  4    Str: 11    XL:     4   Next: 36%
Magic:  14/14      EV: 12    Int: 14    God:
Gold:   113        SH:  0    Dex: 14    Spells: 4/5 levels left

rFire   + . .      SeeInvis .    a - +1 sling
rCold   . . .      Faith    .    (no shield)
rNeg    . . .      Spirit   .    b - +1 robe {rF+}
rPois   .          Reflect  .    (no helmet)
rElec   .          Harm     .    (no cloak)
rCorr   .          Rampage  .    u - +0 pair of gloves
Will    .....                    (no boots)
Stlth   +.........               (no amulet)
HPRegen 0.25/turn                p - ring of magical power
MPRegen 0.14/turn                (no ring)

@: unable to hop, slow
A: amphibious, slowness 1, strong legs 1, +LOS
a: Hop


You were on level 3 of the Dungeon.
You visited 1 branch of the dungeon, and saw 4 of its levels.

You collected 137 gold pieces.
You spent 24 gold pieces at shops.

Inventory:

Hand Weapons
 a - a +1 sling (weapon)
 h - a +1 whip of freezing
Armour
 b - a +1 robe of fire resistance (worn)
 s - a +0 plate armour
 u - a +0 pair of gloves (worn)
Jewellery
 p - a ring of magical power (left hand)
Scrolls
 c - 2 scrolls of fear {unknown}
 g - 4 scrolls of identify
 i - a scroll of immolation {unknown}
 k - 3 scrolls of teleportation
 l - 2 scrolls of fog
 n - 2 scrolls of amnesia
 q - 2 scrolls of vulnerability {unknown}
 t - a scroll of enchant weapon {unknown}
Potions
 d - 2 potions of brilliance {unknown}
 e - a potion of degeneration {unknown}
 f - a potion of heal wounds {unknown}
 j - a potion of haste {unknown}
 m - a potion of cancellation {unknown}
 o - a potion of curing {unknown}


   Skills:
 + Level 2.7 Fighting
 * Level 3.7 Ranged Weapons
 - Level 1.0 Armour
 - Level 2.1 Dodging
 - Level 1.1 Spellcasting
 - Level 3.2 Hexes


You had 4 spell levels left.
You knew the following spells:

 Your Spells              Type           Power      Damage    Failure   Level
a - Slow                  Hex            36%        N/A       7%          1

Your spell library contained the following spells:

 Spells                   Type           Power      Damage    Failure   Level
 Confusing Touch          Hex            9%         N/A       21%         3
 Inner Flame              Hex/Fire       5%         N/A       36%         3
 Portal Projectile        Hex/Tloc       10%        N/A       36%         3
 Cause Fear               Hex            4%         N/A       56%         4
 Kindle Blastsparks       Fire/Tloc/Air  0%         2d10      61%         3
 Vampiric Draining        Necr           0%         2d6       61%         3
 Fulminant Prism          Conj/Hex       2%         3d5       78%         4
 Iskenderun's Mystic Bla  Conj/Tloc      0%         2d3       95%         4
 Lee's Rapid Deconstruct  Erth           0%         3d4*      100%        5


Dungeon Overview and Level Annotations

Branches:
Dungeon (4/15)
 Temple: D:4-7

Altars:

Shops:
D:3 *


Innate Abilities, Weirdness & Mutations

You are amphibious.
You cover ground slowly.
You can hop short distances.
You have an extended range of vision and can be seen from far away.


Message History

The ball python closely misses you.
The ball python attacks as you move away!
The ball python bites you but does no damage.
Okay, then.
Unknown command.
The ball python attacks as you move away!
The ball python bites you but does no damage. x2
The ball python grabs you. The ball python constricts you.
Your legs are too worn out to hop.
You escape the ball python's grasp.
Found a +0 dagger.
A ball python comes into view.
The orc wizard shouts!
The orc shouts!
The ball python bites you.
* * * LOW HITPOINT WARNING * * *
The ball python grabs you. The ball python constricts you.
* * * LOW HITPOINT WARNING * * *
You escape the ball python's grasp.
The gnoll shouts!
The gnoll shouts!
There is a stone staircase leading up here.
The ufetubus barely misses you.
The ufetubus hits you but does no damage.
You climb upwards.
There is a stone staircase leading down here.
Fire: a) +1 sling
Press: ? - help, Shift-Dir - straight line, f - ufetubus
Aim: an ufetubus (40% to hit)
You shoot a sling bullet. The sling bullet hits the ufetubus.
The ufetubus is moderately wounded.
The ufetubus closely misses you. x3; The ufetubus hits you.
* * * LOW HITPOINT WARNING * * *
Fire: a) +1 sling
Press: ? - help, Shift-Dir - straight line, f/p - ufetubus
Aim: an ufetubus (moderately wounded, 40% to hit)
You shoot a sling bullet.
The sling bullet closely misses the ufetubus.
The ufetubus closely misses you. The ufetubus hits you.
* * * LOW HITPOINT WARNING * * *
The ufetubus hits you.
You die...

###..# #...#...# #.# #.....
#....# #...#...#####+###.....
#.#..# ##.##...##.....#####.#
#.#..# #.##...##...........#
#.#..#######....................
#.#..##.....##...........#######
#.#.......................(.....
#.##.##.................###.###.
#.##.##.....##.@.....##.###.###.
#.........#.##5.................
##................).............
###.####................<..##..
#.# #.#.##..#...###..##.##.. #.#
#.#.##..#...###..##.##..
#.####...........##..........
#......#.##..#.#.##..........
#..............#....†........


You could see an ufetubus.

Vanquished Creatures
  An adder (D:2)
  2 gnolls (D:4)
  A dart slug (D:2)
  2 orcs (D:3)
  3 endoplasms
  3 giant cockroaches
  6 hobgoblins
  A jackal (D:3)
  2 quokkas
  4 ball pythons
  4 bats
  4 frilled lizards
  A goblin (D:3)
  6 kobolds
  9 rats
49 creatures vanquished.

Notes
Turn   | Place    | Note
-------+----------+-------------------------------------------
     0 | D:1      | oldriver the Barachi Hexslinger began the quest for the
                  | Orb.
     0 | D:1      | Reached XP level 1. HP: 15/15 MP: 2/2
   460 | D:1      | Reached XP level 2. HP: 22/22 MP: 3/3
   640 | D:1      | Found a faded altar of an unknown god.
  1187 | D:2      | Reached XP level 3. HP: 23/27 MP: 4/4
  1304 | D:2      | Reached skill level 1 in Armour
  1840 | D:3      | Noticed Sigmund
  1889 | D:3      | Sigmund changed into Sigmund the howler monkey
  1889 | D:3      | Noticed Sigmund
  1893 | D:3      | Sigmund the howler monkey changed into Sigmund the jackal
  1893 | D:3      | Noticed Sigmund
  1896 | D:3      | Killed Sigmund the jackal
  2438 | D:3      | Found Usuczeki's General Store.
  2441 | D:3      | Bought a scroll of identify for 24 gold pieces
  2715 | D:4      | Noticed a scorpion
  2721 | D:3      | Reached XP level 4. HP: 28/34 MP: 5/5
  2751 | D:4      | Noticed a scorpion
  2801 | D:4      | Noticed a scorpion
  2807 | D:4      | a scorpion changed into a rat
  2941 | D:3      | Slain by an ufetubus

Illustrated notes

Levels and vault maps discovered:
D:1:      dpeg_arrival_arbitrary_b, layout_basic,
          chequers_ecumenical_altar_simple
D:2:      layout_loops_ring, kennysheep_generic_room_7
D:3:      layout_basic, serial_shops, shop, minmay_misc_feat_plants,
          uniq_sigmund
D:4:      layout_cave_pools, chequers_temple_overflow_statue_of_worship,
          gup_sewer_entry_bubbles

Skill      XL: |  1  2  3 |
---------------+----------+-----
Fighting       | 2 |  2.7
Ranged Weapons | 3 |  3.7
Armour         | 1 |  1.0
Dodging        | |  2.1
Spellcasting   | |  1.1
Hexes          | |  3.2

Action                   |  1- 3 |  4- 6 || total
-------------------------+-------+-------++-------
 Fire: Sling             |   165 |    20 ||   185
 Abil: Hop               |     7 |     2 ||     9
Evoke: Wand              |     3 |     1 ||     4
  Use: Scroll            |     2 |     3 ||     5
Armor: Robe              |     1 |    10 ||    11
       Leather armour    |    13 |       ||    13
Dodge: Dodged            |    53 |    12 ||    65

Table legend: (Time is in decaauts)
 A = Elapsed time spent in this place.
 B = Non-inter-level travel time spent in this place.
 C = Inter-level travel time spent in this place.
 D = Time resting spent in this place.
 E = Time spent auto-exploring this place.
 F = Levels seen in this place.
 G = Mean time per level.
                   A        B        C        D        E       F      G
               +--------+--------+--------+--------+--------+-----+--------+
         Total |   3389 |   3198 |    191 |    489 |   2161 |   4 |  847.2 |
       Dungeon |   3389 |   3198 |    191 |    489 |   2161 |   4 |  847.2 |
               +--------+--------+--------+--------+--------+-----+--------+

Top non-repeatable levels by time:
     D:3: 1322 daAuts
     D:1: 1087 daAuts
     D:2: 825 daAuts
     D:4: 153 daAuts
